 Dungeon Crawl Stone Soup version 0.26-a0-661-g406de6ba63 (webtiles) character file.

Game seed: 5716410278989699391

1754 halkony2012 the Cleaver (level 8, -3/71 HPs)
             Began as a Minotaur Fighter on Oct 8, 2020.
             Slain by an orc warrior
             ... wielding a +0 war axe
              (18 damage)
             ... in a bailey.
             The game lasted 00:13:38 (5964 turns).

halkony2012 the Cleaver (Minotaur Fighter)          Turns: 5964, Time: 00:13:39

Health: -3/71      AC:  8    Str: 23    XL:     8   Next: 78%
Magic:  7/7        EV:  7    Int:  5    God:
Gold:   445        SH:  9    Dex: 10    Spells: 7/7 levels left

rFire    . . .     SeeInvis .   a - +0 war axe
rCold    . . .     Faith    .   c - +0 kite shield
rNeg     . . .     Spirit   .   b - +1 scale mail
rPois    .         Reflect  .   (helmet restricted)
rElec    .         Harm     .   (no cloak)
rCorr    .         Rampage  .   (no gloves)
MR       .....                  (no boots)
Stlth    ..........             j - amulet of regeneration
HPRegen  0.61/turn              e - ring of attention (curse)
MPRegen  0.10/turn              (no ring)

@: no status effects
A: retaliatory headbutt, horns 2
a: no special abilities


You were in a bailey.
You visited 1 branch of the dungeon, and saw 7 of its levels.
You also visited: Bailey.

You collected 445 gold pieces.

Inventory:

Hand Weapons
 a - a +0 war axe (weapon)
Armour
 b - a +1 scale mail (worn)
 c - a +0 kite shield (worn)
Jewellery
 e - a cursed ring of attention (left hand)
 j - an amulet of regeneration (around neck)
 l - an uncursed amulet of faith
 m - an uncursed amulet of faith
 u - a +6 ring of strength {unknown}
 A - an uncursed ring of see invisible {unknown}
Wands
 d - a wand of digging (6)
 t - a wand of polymorph (12)
Scrolls
 g - a scroll of fear
 h - 4 scrolls of teleportation
 i - 4 scrolls of enchant armour
 p - 6 scrolls of remove curse
 q - 3 scrolls of identify
 s - 2 scrolls of amnesia {unknown}
 v - a scroll of magic mapping {unknown}
 y - a scroll of enchant weapon {unknown}
 B - a scroll of summoning {unknown}
 C - a scroll of fog {unknown}
Potions
 f - 3 potions of haste
 k - 3 potions of curing
 n - 3 potions of flight
 o - a potion of magic {unknown}
 r - a potion of heal wounds {unknown}
 w - 2 potions of degeneration {unknown}
 x - a potion of mutation {unknown}
 z - a potion of stabbing {unknown}


   Skills:
 + Level 6.4 Fighting
 * Level 12.1 Axes
 - Level 3.7 Armour
 - Level 0.7 Dodging
 + Level 1.0 Stealth
 - Level 3.8 Shields


You had 7 spell levels left.
You didn't know any spells.
Your spell library contained the following spells:

 Spells                   Type           Power        Failure   Level
 Corona                   Hex            #......      99%         1
 Ensorcelled Hibernation  Hex/Ice        #.....       100%        2
 Confusing Touch          Hex            #.......     100%        3
 Dazzling Flash           Conj/Hex       #.....       100%        3
 Tukima's Dance           Hex            #.......     100%        3


Dungeon Overview and Level Annotations

Branches:
Dungeon (7/15)             Bailey (1/1)
 Temple: D:4-7

Altars:
Cheibriados
Fedhas

Shops:
D:6 (*[


Innate Abilities, Weirdness & Mutations

You reflexively headbutt those who attack you in melee.
You have a pair of horns on your head.


Message History

The boomerang hits you but does no damage.
The weapon returns to the kobold!
You block the orc warrior's attack.
The kobold throws a boomerang.
You block the boomerang.
The weapon returns to the kobold!
You hit the orc warrior. Your headbutt misses the orc warrior.
The orc warrior is heavily wounded.
The kobold throws a boomerang.
The boomerang barely misses you.
The weapon returns to the kobold!
The kobold throws a boomerang.
The boomerang barely misses you.
The weapon returns to the kobold!
The orc warrior hits you with a +0 war axe!
* * * LOW HITPOINT WARNING * * *
You closely miss the orc warrior.
The orc warrior is heavily wounded.
The kobold throws a boomerang.
The boomerang barely misses you.
The weapon returns to the kobold!
The kobold throws a boomerang.
You block the boomerang.
The weapon returns to the kobold!
You completely miss the orc warrior.
The orc warrior is heavily wounded.
The orc warrior hits you with a +0 war axe!!
You die...

###≈≈.......≈≈##
KKK≈≈.......≈≈K
###≈≈.......≈≈#
'KK≈≈.......≈≈K
###≈≈.......≈≈#
'.'≈≈.......≈≈'
###≈≈.......≈≈#
##≈.......≈##
####@''####
#.o...#
#∩$...?∩#
#...8...#
##.....##
###+###


You could see an orc warrior and 5 kobolds.

Vanquished Creatures
  Pikel (D:6)
  Sigmund (D:4)
  An ogre (D:6)
  3 lemures (D:6)
  Blork the orc (D:4)
  Dowan (D:4)
  A howler monkey (D:6)
  2 hounds
  A bullfrog skeleton (D:5)
  2 jellies (D:6)
  6 orc priests
  2 iguanas
  Natasha (twice) (D:2 D:1)
  3 orc wizards
  A worker ant (D:6)
  A hound skeleton (D:6)
  A worker ant zombie (D:6)
  5 gnolls
  4 adders
  2 ufetubi
  2 oozes
  An adder skeleton (D:4)
  A worm (D:3)
  3 leopard geckos
  32 orcs
  A ball python (D:3)
  8 bats
  A giant cockroach (D:2)
  13 goblins
  8 hobgoblins
  2 jackals (D:6)
  7 kobolds
  5 quokkas
  5 frilled lizards
  A leopard gecko skeleton (D:5)
  A quokka zombie (D:5)
  11 rats
143 creatures vanquished.

Vanquished Creatures (others)
  Duvessa (D:4)
1 creature vanquished.

Grand Total: 144 creatures vanquished

Notes
Turn   | Place    | Note
-------+----------+-------------------------------------------
     0 | D:1      | halkony2012 the Minotaur Fighter began the quest for the
                  | Orb.
     0 | D:1      | Reached XP level 1. HP: 19/19 MP: 0/0
   452 | D:1      | Reached XP level 2. HP: 27/27 MP: 1/1
   728 | D:1      | Reached skill level 3 in Axes
  1143 | D:2      | Reached XP level 3. HP: 27/33 MP: 2/2
  1310 | D:2      | Noticed Natasha
  1322 | D:2      | Killed Natasha
  1322 | D:2      | Reached skill level 4 in Axes
  1322 | D:2      | Reached XP level 4. HP: 23/41 MP: 3/3
  1587 | D:2      | Noticed Natasha
  1603 | D:1      | Killed Natasha
  1870 | D:2      | Reached skill level 5 in Axes
  1877 | D:2      | Reached XP level 5. HP: 15/47 MP: 4/4
  2126 | D:2      | Found a snail-covered altar of Cheibriados.
  2326 | D:3      | Reached skill level 6 in Axes
  3197 | D:3      | Reached XP level 6. HP: 43/55 MP: 5/5
  3404 | D:4      | Noticed Duvessa
  3404 | D:4      | Noticed Dowan
  3431 | D:4      | Killed Duvessa
  3431 | D:4      | Reached skill level 5 in Fighting
  3431 | D:4      | Reached skill level 7 in Axes
  3437 | D:4      | Killed Dowan
  3646 | D:4      | Noticed Blork the orc
  3659 | D:4      | Killed Blork the orc
  3659 | D:4      | Reached skill level 8 in Axes
  3807 | D:4      | Noticed Sigmund
  3819 | D:4      | Reached XP level 7. HP: 55/61 MP: 6/6
  3825 | D:4      | Killed Sigmund
  3846 | D:4      | Found a blossoming altar of Fedhas.
  4011 | D:5      | Entered Level 5 of the Dungeon
  4134 | D:5      | Reached skill level 9 in Axes
  4841 | D:6      | Reached skill level 10 in Axes
  4888 | D:6      | Found Ymuam's Armour Shoppe.
  5000 | D:6      | Reached XP level 8. HP: 56/70 MP: 7/7
  5028 | D:6      | Noticed Pikel
  5042 | D:6      | Reached skill level 1 in Stealth
  5052 | D:6      | Killed Pikel
  5052 | D:6      | Reached skill level 11 in Axes
  5401 | D:6      | Found Omu Kuno's Assorted Antiques.
  5449 | D:6      | Found Jil Huan's Weapon Shoppe.
  5538 | D:6      | Reached skill level 12 in Axes
  5784 | D:7      | Found a flagged portal.
  5821 | Bailey   | Entered a bailey
  5964 | Bailey   | Slain by an orc warrior

Illustrated notes

Levels and vault maps discovered:
D:1:      kilobyte_arrival_exit_the_forest, layout_basic
D:2:      layout_rooms, cheibriados_altar_1, uniq_natasha
D:3:      layout_loops_ring, st_stairs_1
D:4:      layout_rooms, fedhas_altar_3, uniq_sigmund, uniq_duvessa,
          uniq_blork_the_orc
D:5:      layout_cave_pools, portal_sewer_entry_b, corner_web_ring,
          minmay_quadrilaterals
D:6:      layout_basic, serial_shops, nicolae_shop_waterfront,
          nicolae_shop_statue_plus, shop_coins, uniq_pikel
D:7:      layout_rooms, minmay_temple_entry_proselytizer, enter_bailey_3,
          serial_shops, shop
Bailey:   bailey_axe_3, bailey

Skill      XL: |  1  2  3  4  5  6  7  8 |
---------------+-------------------------+-----
Fighting       | 4 5 6 |  6.4
Axes           | 3 4 5 6 8 10 12 | 12.1
Stealth        | 1 |  1.0
Armour         | |  3.7
Dodging        | |  0.7
Shields        | |  3.8

Action                   |  1- 3 |  4- 6 |  7- 9 || total
-------------------------+-------+-------+-------++-------
Melee: War axe           |    70 |   172 |   168 ||   410
       Headbutt          |     6 |    23 |    26 ||    55
  Use: Potion            |       |     3 |     1 ||     4
       Scroll            |       |     6 |       ||     6
Armor: Scale mail        |    27 |    61 |    74 ||   162
Dodge: Dodged            |    22 |    64 |    52 ||   138
Block: Kite shield       |    36 |    97 |    80 ||   213

Table legend: (Time is in decaauts)
 A = Elapsed time spent in this place.
 B = Non-inter-level travel time spent in this place.
 C = Inter-level travel time spent in this place.
 D = Time resting spent in this place.
 E = Time spent auto-exploring this place.
 F = Levels seen in this place.
 G = Mean time per level.
                   A        B        C        D        E       F      G
               +--------+--------+--------+--------+--------+-----+--------+
         Total |   6057 |   5871 |    186 |    954 |   3706 |   8 |  757.1 |
       Dungeon |   5914 |   5728 |    186 |    854 |   3706 |   7 |  844.9 |
        Bailey |    142 |    142 |      0 |    100 |      0 |   1 |  142.0 |
               +--------+--------+--------+--------+--------+-----+--------+

Top non-repeatable levels by time:
     D:1: 1343 daAuts
     D:3: 1078 daAuts
     D:6: 983 daAuts
     D:2: 981 daAuts
     D:5: 779 daAuts
     D:4: 686 daAuts
  Bailey: 142 daAuts
     D:7: 61 daAuts
